 Dungeon Crawl Stone Soup version 0.28.0-53-g5a82cb258f (webtiles) character file.

Game seed: 9805214242222295068

188 MisterFreud the Covert (level 5, -2/47 HPs)
             Began as a Gnoll Delver on June 21, 2022.
             Slain by an iguana (6 damage)
             ... on level 5 of the Dungeon.
             The game lasted 00:01:07 (610 turns).

MisterFreud the Covert (Gnoll Delver)                Turns: 610, Time: 00:01:07

Health: -2/47      AC:  4    Str: 11    XL:     5   Next: 67%
Magic:  7/7        EV: 13    Int: 11    God:
Gold:   25         SH:  0    Dex: 14    Spells: 7/7 levels left

rFire   . . .      SeeInvis .   a - +0 short sword
rCold   . . .      Faith    .   (no shield)
rNeg    . . .      Spirit   .   b - +0 leather armour
rPois   .          Reflect  .   (no helmet)
rElec   .          Harm     .   (no cloak)
rCorr   .          Rampage  .   k - +0 pair of gloves
Will    .....                   (no boots)
Stlth   ++++......              (no amulet)
HPRegen 0.15/turn               (no ring)
MPRegen 0.10/turn               (no ring)

@: no status effects
A: fangs 1, strong nose, distributed training
a: no special abilities


You were on level 5 of the Dungeon.
You visited 1 branch of the dungeon, and saw 2 of its levels.

You collected 25 gold pieces.

Inventory:

Hand Weapons
 a - a +0 short sword (weapon)
Armour
 b - a +0 leather armour (worn)
 k - a +0 pair of gloves (worn)
Wands
 g - a wand of digging (3)
 j - a wand of charming (12)
Scrolls
 c - a scroll of fog
 d - a scroll of magic mapping
 e - a scroll of fear
 h - a scroll of holy word {unknown}
 i - 2 scrolls of immolation {unknown}
Potions
 f - a potion of haste


   Skills:
 + Level 6.7 Fighting
 + Level 4.8 Short Blades
 + Level 1.6 Long Blades
 + Level 1.6 Axes
 + Level 1.6 Maces & Flails
 + Level 1.6 Polearms
 + Level 1.6 Staves
 + Level 1.6 Slings
 + Level 1.6 Bows
 + Level 1.6 Crossbows
 + Level 1.6 Throwing
 + Level 1.6 Armour
 + Level 4.8 Dodging
 + Level 9.7 Stealth
 + Level 1.6 Shields
 + Level 1.6 Unarmed Combat
 + Level 1.6 Spellcasting
 + Level 1.2 Conjurations
 + Level 1.2 Hexes
 + Level 1.2 Summonings
 + Level 1.2 Necromancy
 + Level 1.2 Translocations
 + Level 1.2 Transmutations
 + Level 1.2 Fire Magic
 + Level 1.2 Ice Magic
 + Level 1.2 Air Magic
 + Level 1.2 Earth Magic
 + Level 1.2 Poison Magic
 + Level 1.8 Invocations
 + Level 1.6 Evocations


You had 7 spell levels left.
You didn't know any spells.
Your spell library was empty.

Dungeon Overview and Level Annotations

Branches:
Dungeon (6/15)
 Temple: D:4-7

Altars:


Innate Abilities, Weirdness & Mutations

You have very sharp teeth.
Your uncanny sense of smell can sniff out nearby items.
Your experience applies equally to all skills.


Message History

The iguana is moderately wounded.
The iguana bites you.
You barely miss the iguana.
The iguana is moderately wounded.
The iguana closely misses you.
You hit the iguana but do no damage. You bite the iguana, but do no damage.
The iguana is moderately wounded.
You closely miss the iguana.
The iguana is moderately wounded.
The iguana closely misses you.
You hit the iguana.
The iguana is heavily wounded.
The iguana barely misses you.
You hit the iguana but do no damage. Your bite misses the iguana.
The iguana is heavily wounded.
The iguana barely misses you.
You hit the iguana.
The iguana is heavily wounded.
The iguana bites you!
* * * LOW HITPOINT WARNING * * *
You hit the iguana but do no damage.
The iguana is heavily wounded.
The iguana barely misses you.
You hit the iguana.
The iguana is severely wounded.
The iguana completely misses you.
You closely miss the iguana.
The iguana is severely wounded.
The iguana bites you.
* * * LOW HITPOINT WARNING * * *
You hit the iguana but do no damage.
The iguana is severely wounded.
You hit the iguana but do no damage. You bite the iguana, but do no damage.
The iguana is severely wounded.
The iguana bites you!
* * * LOW HITPOINT WARNING * * *
You hit the iguana but do no damage.
The iguana is severely wounded.
The iguana bites you.
You die...

### ..#
###########
..#
#.........#
..#
#.#######.#
..# #.# #.#
..######.#
#.#
.........#
#.#
#######..#
#.# #...#
#@# ##(#.#
#.l....#
#####..#.#
######.#
.........#
..>...†.##
∆ ∆
######..#
#..# #..#
######..#


You could see an iguana.

Vanquished Creatures
  A black bear (D:6)
  A bullfrog zombie (D:5)
  A hound (D:5)
  A bullfrog skeleton (D:5)
  A white imp (D:6)
  A dart slug (D:5)
  An orc (D:5)
7 creatures vanquished.

Vanquished Creatures (others)
  4 fungi (D:5)
4 creatures vanquished.

Grand Total: 11 creatures vanquished

Notes
Turn   | Place    | Note
-------+----------+-------------------------------------------
     0 | D:5      | Reached skill level 9 in Stealth
     0 | D:5      | MisterFreud the Gnoll Delver began the quest for the Orb.
     0 | D:5      | Reached XP level 1. HP: 23/23 MP: 1/1
     1 | D:6      | Noticed a black bear
     3 | D:6      | Killed a black bear
     4 | D:6      | Reached skill level 1 in Long Blades
     4 | D:6      | Reached skill level 1 in Axes
     4 | D:6      | Reached skill level 1 in Maces & Flails
     4 | D:6      | Reached skill level 1 in Polearms
     4 | D:6      | Reached skill level 1 in Staves
     4 | D:6      | Reached skill level 1 in Slings
     4 | D:6      | Reached skill level 1 in Bows
     4 | D:6      | Reached skill level 1 in Crossbows
     4 | D:6      | Reached skill level 1 in Throwing
     4 | D:6      | Reached skill level 1 in Armour
     4 | D:6      | Reached skill level 1 in Shields
     4 | D:6      | Reached skill level 1 in Unarmed Combat
     4 | D:6      | Reached skill level 1 in Spellcasting
     4 | D:6      | Reached skill level 1 in Conjurations
     4 | D:6      | Reached skill level 1 in Hexes
     4 | D:6      | Reached skill level 1 in Summonings
     4 | D:6      | Reached skill level 1 in Necromancy
     4 | D:6      | Reached skill level 1 in Translocations
     4 | D:6      | Reached skill level 1 in Transmutations
     4 | D:6      | Reached skill level 1 in Fire Magic
     4 | D:6      | Reached skill level 1 in Ice Magic
     4 | D:6      | Reached skill level 1 in Air Magic
     4 | D:6      | Reached skill level 1 in Earth Magic
     4 | D:6      | Reached skill level 1 in Poison Magic
     4 | D:6      | Reached skill level 1 in Invocations
     4 | D:6      | Reached skill level 1 in Evocations
     4 | D:6      | Reached XP level 2. HP: 29/29 MP: 1/3
     4 | D:6      | Reached XP level 3. HP: 35/35 MP: 1/4
     4 | D:6      | Reached XP level 4. HP: 41/41 MP: 1/5
    43 | D:6      | Noticed a steam dragon
   156 | D:5      | Reached XP level 5. HP: 27/47 MP: 5/7
   610 | D:5      | Slain by an iguana

Illustrated notes

Levels and vault maps discovered:
D:5:      layout_loops_ring, uniq_eustachio, uniq_crazy_yiuf_cottage,
          uniq_sigmund
D:6:      layout_rooms, temple_statues

Skill      XL: |  1 |
---------------+----+-----
Stealth        | |  9.7
Long Blades    | 1 |  1.6
Axes           | 1 |  1.6
Maces & Flails | 1 |  1.6
Polearms       | 1 |  1.6
Staves         | 1 |  1.6
Slings         | 1 |  1.6
Bows           | 1 |  1.6
Crossbows      | 1 |  1.6
Throwing       | 1 |  1.6
Armour         | 1 |  1.6
Shields        | 1 |  1.6
Unarmed Combat | 1 |  1.6
Spellcasting   | 1 |  1.6
Conjurations   | 1 |  1.2
Hexes          | 1 |  1.2
Summonings     | 1 |  1.2
Necromancy     | 1 |  1.2
Translocations | 1 |  1.2
Transmutations | 1 |  1.2
Fire Magic     | 1 |  1.2
Ice Magic      | 1 |  1.2
Air Magic      | 1 |  1.2
Earth Magic    | 1 |  1.2
Poison Magic   | 1 |  1.2
Invocations    | 1 |  1.8
Evocations     | 1 |  1.6
Fighting       | |  6.7
Short Blades   | |  4.8
Dodging        | |  4.8

Action                   |  1- 3 |  4- 6 || total
-------------------------+-------+-------++-------
Melee: Short sword       |     1 |    65 ||    66
       Bite              |       |    12 ||    12
       Punch             |       |     2 ||     2
 Stab: Sleeping          |     1 |     3 ||     4
Armor: Leather armour    |       |     8 ||     8
Dodge: Dodged            |       |    34 ||    34
